 Dungeon Crawl Stone Soup version 0.30.1-9-gdf580d7c3d (webtiles) character file.

Game seed: 6526822890281315779

6035 bearlyready the Skirmisher (level 11, -25/68 HPs)
             Began as a Kobold Hunter on Oct 18, 2023.
             Was an Initiate of Gozag.
             Annihilated by Nergalle the snapping turtle (glowing shapeshifter) (27 damage)
             ... on level 11 of the Dungeon.
             The game lasted 00:21:05 (10974 turns).

bearlyready the Skirmisher (Kobold Hunter)         Turns: 10974, Time: 00:21:06

Health: -25/68     AC:  6    Str:  9    XL:     11   Next: 11%
Magic:  11/11      EV: 19    Int: 11    God:    Gozag
Gold:   3076       SH:  0    Dex: 22    Spells: 10/10 levels left

rFire   . . .        F - +1 shortbow (freeze)
rCold   + . .        (shield currently unavailable)
rNeg    + + .        c - +0 leather armour
rPois   .            s - +0 helmet
rElec   .            r - +0 cloak
rCorr   .            A - +0 pair of gloves
SInv    .            (no boots)
Will    .....        (no amulet)
Stlth   ++++++       i - ring of flight
HPRegen 0.31/turn    y - ring of Xarretsius {rC+ rN++}
MPRegen 0.12/turn

%: no passive effects
@: lethally poisoned (-25 -> -46), flying
A: small, no large weapons, nightstalker 3
a: Renounce Religion, Potion Petition, Call Merchant, Bribe Branch


You were on level 11 of the Dungeon.
You worshipped Gozag.
Gozag was most pleased with you.
You visited 1 branch of the dungeon, and saw 11 of its levels.
You also visited: Ossuary and Bailey.

You collected 3356 gold pieces.
You spent 280 gold pieces at shops.

Inventory:

Hand Weapons
 a - a +0 shortbow
 g - a +1 short sword of venom
 l - the +4 whip of the Brewing Shrike {heavy, Str+4 SInv}
   (You found it on level 8 of the Dungeon)

   Str:       It affects your strength (+4).
   SInv:      It lets you see invisible.
 F - a +1 shortbow of freezing (weapon)
Missiles
 p - 29 poisoned darts
 O - 5 atropa-tipped darts
Armour
 c - a +0 leather armour (worn)
 o - a +0 scale mail
 q - a +0 ring mail
 r - a +0 cloak (worn)
 s - a +0 helmet (worn)
 A - a +0 pair of gloves (worn)
 E - a +0 buckler
Jewellery
 i - a ring of flight (left hand)
 j - a ring of resist corrosion
 m - a ring of fire
 y - the ring of Xarretsius (right hand) {rC+ rN++}
   (You bought it in a shop on level 4 of the Dungeon)

   [ring of protection from cold]

   rC:        It protects you from cold.
   rN:        It greatly protects you from negative energy.
Wands
 K - a wand of polymorph (8)
 M - a wand of digging (8)
Scrolls
 b - 3 scrolls of immolation
 f - 5 scrolls of teleportation
 k - a scroll of amnesia
 u - 2 scrolls of fear
 w - 3 scrolls of enchant armour
 B - 2 scrolls of butterflies
 D - 2 scrolls of enchant weapon
 J - a scroll of noise
 Q - a scroll of magic mapping {unknown}
 U - a scroll of brand weapon {unknown}
Potions
 d - 3 potions of curing
 h - 8 potions of haste
 n - a potion of lignification {unknown}
 t - 4 potions of mutation {unknown}
 v - 3 potions of brilliance {unknown}
 x - 2 potions of flight {unknown}
 z - 3 potions of attraction {unknown}
 C - 3 potions of heal wounds {unknown}
 G - a potion of berserk rage {unknown}
 H - a potion of degeneration {unknown}
 I - 2 potions of cancellation {unknown}
 L - 2 potions of resistance {unknown}
 N - a potion of ambrosia {unknown}
 P - a potion of experience {unknown}
 S - 3 potions of invisibility {unknown}


   Skills:
 + Level 8.0 Fighting
 + Level 13.6 Ranged Weapons
 + Level 7.0 Dodging
 - Level 10.0 Stealth
 - Level 6.6 Evocations


You had 10 spell levels left.
You didn't know any spells.
Your spell library contained the following spells:

 Spells                   Type           Power      Damage    Failure   Level
 Freeze                   Ice            0%         1d3       45%         1
 Necrotise                Necr           0%         1d4       45%         1
 Ensorcelled Hibernation  Hex/Ice        0%         N/A       58%         2
 Poisonous Vapours        Pois/Air       0%         N/A       58%         2
 Frozen Ramparts          Ice            0%         1d1       83%         3
 Hailstorm                Conj/Ice       0%         3d3       83%         3
 Mephitic Cloud           Conj/Pois/Air  0%         N/A       83%         3
 Spider Form              Tmut/Pois      0%         N/A       83%         3
 Vampiric Draining        Necr           0%         2d6       83%         3
 Volatile Blastmotes      Fire/Tloc      0%         2d10      83%         3
 Anguish                  Hex/Necr       0%         N/A       99%         4
 Fulminant Prism          Conj/Hex       0%         3d5       99%         4
 Iskenderun's Mystic Bla  Conj/Tloc      0%         2d3       99%         4
 Agony                    Necr           0%         N/A       100%        5
 Freezing Cloud           Conj/Ice/Air   0%         6-21      100%        5
 Lee's Rapid Deconstruct  Erth           0%         3d4*      100%        5


Dungeon Overview and Level Annotations

Branches:
Dungeon (11/15)            Temple (0/1) D:4         Ossuary (visited)
 Bailey (visited)
   Lair: D:8-11         Orc: D:9-12

Altars:
Gozag
Okawaru

Shops:
D:4 =*   D:8 **[

Annotations:
D:10 3 runed translucent doors, Wiggles's ghost, journeyman MiBe
D:11 Nergalle


Innate Abilities, Weirdness & Mutations

You are small and have problems with some larger weapons.
You are completely attuned to the shadows.


Message History

You are poisoned.
You shoot an arrow. The arrow hits Nergalle!
The arrow freezes Nergalle.
Nergalle is almost dead.
You are engulfed in poison gas.
You are more poisoned.
You feel very sick.
Nergalle the swamp dragon changes into a moth of wrath!
You shoot an arrow. The arrow hits Nergalle!
The arrow freezes Nergalle.
Nergalle is severely wounded.
You are engulfed in poison gas.
You are more poisoned.
You feel extremely sick.
You shoot an arrow. The arrow hits Nergalle.
The arrow freezes Nergalle.
Nergalle is almost dead.
You are engulfed in poison gas.
You are lethally poisoned!
You feel extremely sick.
Nergalle is engulfed in poison gas.
Nergalle is poisoned.
Nergalle bites you.
You shoot an arrow. The arrow barely misses Nergalle.
You are engulfed in poison gas.
You are more poisoned.
* * * LOW HITPOINT WARNING * * *
x2 You feel extremely sick.
Nergalle the moth of wrath changes into a snapping turtle!
You feel better.
You are engulfed in poison gas.
You are lethally poisoned!
* * * LOW HITPOINT WARNING * * *
x2 You feel very sick.
You feel better.
You are engulfed in poison gas.
You are poisoned.
* * * LOW HITPOINT WARNING * * *
x2 You feel very sick.
Nergalle is engulfed in poison gas.
Nergalle is poisoned.
Nergalle barely misses you.
You shoot an arrow. The arrow barely misses Nergalle.
You are engulfed in poison gas.
You are more poisoned.
* * * LOW HITPOINT WARNING * * *
x2 You feel very sick.
Nergalle bites you!!
You die...
Your body crumbles into a pile of gold.

##########
....<....#
##..####.##
##..#.....#########
......##.....°.○@°#
.#..####.########t#
.#.......# .#
....###### )# .####
.○ $


You could see Nergalle the snapping turtle shaped shifter (poisoned).

Vanquished Creatures
  A two-headed ogre (D:9)
  A hornet (D:9)
  Grinder (D:4)
  9 yaks
  A water moccasin (D:7)
  An orc warrior (Bailey)
  2 sky beasts (D:7)
  A black bear (D:5)
  4 ogres
  A centaur (D:5)
  2 phantoms
  2 kobold brigands
  3 elf zombies
  A bullfrog (D:7)
  2 scorpions
  An elf skeleton (D:4)
  4 wights (D:10)
  A centaur zombie (Ossuary)
  7 orc priests
  6 hounds
  3 human zombies (Ossuary)
  A gnoll bouda (D:7)
  3 jellies
  Jessica (D:2)
  5 iguanas
  2 sleepcaps
  4 human skeletons (D:4)
  12 orc wizards
  Ijyb (D:3)
  Terence (D:2)
  2 mummies (Ossuary)
  13 gnolls
  13 adders
  2 shadow imps
  3 white imps
  An adder zombie (Ossuary)
  2 worms
  2 dart slugs
  39 orcs
  5 bats
  8 endoplasms
  4 giant cockroaches
  12 goblins
  6 hobgoblins
  14 jackals
  2 quokkas
  8 ball pythons
  3 frilled lizards
  A goblin zombie (Ossuary)
  8 hobgoblin zombies (Ossuary)
  A jackal zombie (Ossuary)
  17 kobolds
  12 kobold zombies (Ossuary)
  7 orc zombies (Ossuary)
  4 rats
  A rat zombie (Ossuary)
274 creatures vanquished.

Vanquished Creatures (collateral kills)
  An orc warrior (D:9)
1 creature vanquished.

Vanquished Creatures (others)
  A yak (D:8)
1 creature vanquished.

Grand Total: 276 creatures vanquished

Notes
Turn   | Place    | Note
-------+----------+-------------------------------------------
     0 | D:1      | bearlyready the Kobold Hunter began the quest for the Orb.
     0 | D:1      | Reached XP level 1. HP: 12/12 MP: 1/1
    98 | D:1      | Reached XP level 2. HP: 17/17 MP: 2/2
   155 | D:1      | Reached skill level 6 in Ranged Weapons
   527 | D:1      | Reached XP level 3. HP: 21/21 MP: 3/3
   627 | D:2      | Noticed Jessica
   631 | D:2      | Killed Jessica
   632 | D:2      | Reached skill level 7 in Ranged Weapons
   635 | D:2      | Reached XP level 4. HP: 26/26 MP: 4/4
   677 | D:2      | Noticed Terence
   681 | D:2      | Killed Terence
   806 | D:2      | Reached XP level 5. HP: 26/30 MP: 5/5
  1057 | D:2      | Found a faded altar of an unknown god.
  1067 | D:2      | Reached skill level 8 in Ranged Weapons
  1070 | D:2      | Prayed at the altar of an unknown god.
  1070 | D:2      | Became a worshipper of Gozag Ym Sagoz the Greedy
  1309 | D:3      | Noticed Ijyb
  1327 | D:3      | Killed Ijyb
  1331 | D:3      | Reached skill level 1 in Evocations
  1331 | D:3      | Reached XP level 6. HP: 34/35 MP: 6/6
  1718 | D:3      | Reached skill level 9 in Ranged Weapons
  2070 | D:3      | Identified the +0 flail "Alon" {pain, *Noise rN+ Will++
                  | rCorr}
  2349 | D:4      | Reached XP level 7. HP: 23/40 MP: 7/7
  2353 | D:4      | Found a sand-covered staircase.
  2407 | Ossuary  | Entered an ossuary
  2949 | Ossuary  | Reached skill level 10 in Ranged Weapons
  2961 | Ossuary  | Reached XP level 8. HP: 26/44 MP: 8/8
  3232 | D:4      | Reached skill level 5 in Evocations
  3543 | D:4      | Found Saritz's Assorted Antiques.
  3549 | D:4      | Bought a translucent platinum ring for 125 gold pieces
  3549 | D:4      | Identified the ring of Xarretsius {rC+ rN++} (You bought it
                  | in a shop on level 4 of the Dungeon)
  3549 | D:4      | Bought a scroll of identify for 50 gold pieces
  3722 | D:4      | Reached skill level 5 in Stealth
  3859 | D:4      | Found Noicly's Jewellery Shoppe.
  4112 | D:4      | Identified the +2 mace of Turmoil {freeze, Str+3}
  4242 | D:4      | Found a staircase to the Ecumenical Temple.
  4594 | D:5      | Entered Level 5 of the Dungeon
  4605 | D:5      | Noticed Grinder
  4786 | D:4      | Killed Grinder
  4822 | D:5      | HP: 1/46 [centaur/arrow (2)]
  5200 | D:5      | Reached XP level 9. HP: 47/51 MP: 9/9
  5244 | D:5      | Reached skill level 11 in Ranged Weapons
  6307 | D:6      | Reached skill level 5 in Fighting
  6911 | D:7      | Reached skill level 12 in Ranged Weapons
  7024 | D:7      | Found an iron altar of Okawaru.
  7122 | D:7      | Reached XP level 10. HP: 60/60 MP: 10/10
  7935 | D:8      | Identified the +4 whip of the Brewing Shrike {heavy, Str+4
                  | SInv}
  8198 | D:8      | Identified a scroll of acquirement
  8198 | D:8      | Acquired 1226 gold pieces
  8265 | D:8      | Found a flagged portal.
  8271 | Bailey   | Entered a bailey
  8613 | Bailey   | Reached skill level 5 in Dodging
  9002 | D:8      | Found Tues's Specific Store.
  9003 | D:8      | Found Fymumm's General Store.
  9011 | D:8      | Bought a scroll of enchant armour for 105 gold pieces
  9136 | D:8      | Reached skill level 10 in Stealth
  9533 | D:8      | Found Cuxzouz's Armour Shoppe.
  9686 | D:9      | Reached skill level 13 in Ranged Weapons
  9772 | D:9      | Noticed a two-headed ogre
  9778 | D:9      | HP: 1/63 [orc warrior/+0 dire flail (11)]
 10063 | D:9      | Killed a two-headed ogre
 10064 | D:9      | Reached XP level 11. HP: 63/68 MP: 11/11
 10120 | D:9      | Noticed a boulder beetle
 10256 | D:10     | Entered Level 10 of the Dungeon
 10512 | D:10     | Found a runed translucent gate.
 10512 | D:10     | Found a runed translucent gate.
 10512 | D:10     | Found a runed translucent gate.
 10538 | D:10     | Noticed Wiggles's ghost (journeyman MiBe)
 10711 | D:10     | Acquired 408 gold pieces
 10944 | D:11     | Noticed Nergalle
 10946 | D:11     | Nergalle changed into Nergalle the glowing shapeshifter
 10946 | D:11     | Noticed Nergalle
 10947 | D:11     | Nergalle the glowing shapeshifter changed into Nergalle the
                  | mana viper
 10947 | D:11     | Noticed Nergalle (glowing shapeshifter)
 10949 | D:11     | Nergalle the mana viper changed into Nergalle the shining
                  | eye
 10949 | D:11     | Noticed Nergalle (glowing shapeshifter)
 10952 | D:11     | Nergalle the shining eye changed into Nergalle the water
                  | nymph
 10952 | D:11     | Noticed Nergalle (glowing shapeshifter)
 10957 | D:11     | Nergalle the water nymph changed into Nergalle the shining
                  | eye
 10957 | D:11     | Noticed Nergalle (glowing shapeshifter)
 10959 | D:11     | Nergalle the shining eye changed into Nergalle the skyshark
 10959 | D:11     | Noticed Nergalle (glowing shapeshifter)
 10962 | D:11     | Nergalle the skyshark changed into Nergalle the cyclops
 10962 | D:11     | Noticed Nergalle (glowing shapeshifter)
 10965 | D:11     | Nergalle the cyclops changed into Nergalle the swamp dragon
 10965 | D:11     | Noticed Nergalle (glowing shapeshifter)
 10968 | D:11     | Nergalle the swamp dragon changed into Nergalle the moth of
                  | wrath
 10968 | D:11     | Noticed Nergalle (glowing shapeshifter)
 10971 | D:11     | HP: 3/68 [poisoned by Nergalle (poison gas)]
 10971 | D:11     | Nergalle the moth of wrath changed into Nergalle the
                  | snapping turtle
 10971 | D:11     | Noticed Nergalle (glowing shapeshifter)
 10974 | D:11     | Annihilated by Nergalle the snapping turtle (glowing
                  | shapeshifter)

Illustrated notes

Levels and vault maps discovered:
D:1:      lordsloth_arrival_two_stooges, layout_rooms
D:2:      layout_basic, dreamdust_ecumenical_altar_statues, uniq_terence,
          uniq_jessica
D:3:      layout_basic, cheibrodos_gnoll_hut, uniq_ijyb
D:4:      layout_layer_cave, temple_doors_cd, serial_shops,
          nicolae_shop_advertising_works [nicolae_subvault_shop_adworks], shop,
          nicolae_ossuary_entry_catacombs, grunt_decor_arrowhead
D:5:      layout_rooms, uniq_grinder
D:6:      layout_basic, nicolae_kite_square_tiling_tiny, kennysheep_nondescript,
          hellmonk_bongcloud_opening, hangedman_abyss_or_decor_stagger
D:7:      layout_loops_ring, kennysheep_okawaru_gauntlet
D:8:      layout_loops_cross, enter_bailey_2, serial_shops,
          nicolae_shop_pleasant_corner_grove, nicolae_specific_store
D:9:      layout_roguey, minmay_overflow_temple_hex,
          minmay_orc_entry_temple_small
D:10:     layout_loops_ring, due_lair_maze_entry_diamond,
          gammafunk_ghost_nasty_kobolds
D:11:     layout_loops_cross, uniq_sonja, uniq_nergalle

Skill      XL: |  1  2  3  4  5  6  7  8  9 10 11 |
---------------+----------------------------------+-----
Ranged Weapons | 6 7 8 9 10 12 13 | 13.6
Evocations     | 1 3 4 6 |  6.6
Stealth        | 4 6 8 10 | 10.0
Fighting       | 3 5 7 8 |  8.0
Dodging        | 3 6 7 |  7.0

Action                     |  1- 3 |  4- 6 |  7- 9 | 10-12 || total
---------------------------+-------+-------+-------+-------++-------
  Melee: Shortbow          |       |     3 |       |       ||     3
   Fire: Shortbow          |    51 |   169 |   515 |   334 ||  1069
  Evoke: Wand              |       |     2 |     9 |    22 ||    33
    Use: Potion            |       |     1 |       |     2 ||     3
         Scroll            |       |     4 |       |    12 ||    16
 Armour: Leather armour    |     6 |    17 |    80 |    24 ||   127
         Scale mail        |       |    27 |     3 |       ||    30
  Dodge: Dodged            |    23 |   100 |   184 |   130 ||   437
